 Dungeon Crawl Stone Soup version 0.28.0-1-gb440e238dd (webtiles) character file.

Game seed: 1303861751059804418

4 maeasthma the Caller (level 1, 0/13 HPs)
             Began as a Merfolk Summoner on Feb 25, 2022.
             Slain by a bat (1 damage)
             ... on level 1 of the Dungeon.
             The game lasted 00:07:03 (82 turns).

maeasthma the Caller (Merfolk Summoner)               Turns: 82, Time: 00:07:04

Health: 0/13       AC:  2    Str:  8    XL:     1   Next: 70%
Magic:  3/3        EV: 12    Int: 14    God:
Gold:   0          SH:  0    Dex: 14    Spells: 3/4 levels left

rFire   . . .      SeeInvis .   (no weapon)
rCold   . . .      Faith    .   (no shield)
rNeg    . . .      Spirit   .   a - +0 robe
rPois   .          Reflect  .   (no helmet)
rElec   .          Harm     .   (no cloak)
rCorr   .          Rampage  .   (no gloves)
Will    .....                   (no boots)
Stlth   ++........              (no amulet)
HPRegen 0.04/turn               (no ring)
MPRegen 0.08/turn               (no ring)

@: no status effects
A: (nimble swimmer 2), mertail
a: no special abilities


You were on level 1 of the Dungeon.
You visited 1 branch of the dungeon, and saw 1 of its levels.

Inventory:

Missiles
 b - 16 stones (quivered)
Armour
 a - a +0 robe (worn)


   Skills:
 + Level 2.7 Dodging
 + Level 2.4 Stealth
 + Level 2.0 Spellcasting
 + Level 4.1 Summonings


You had 3 spell levels left.
You knew the following spells:

 Your Spells              Type           Power      Damage    Failure   Level
a - Summon Small Mammal   Summ           52%        N/A       4%          1

Your spell library contained the following spells:

 Spells                   Type           Power      Damage    Failure   Level
 Call Imp                 Summ           13%        N/A       7%          2
 Call Canine Familiar     Summ           13%        N/A       13%         3
 Summon Guardian Golem    Hex/Summ       7%         N/A       30%         3
 Summon Lightning Spire   Summ/Air       7%         N/A       71%         4


Dungeon Overview and Level Annotations

Branches:
Dungeon (1/15)

Altars:


Innate Abilities, Weirdness & Mutations

((You are very nimble when in or above water. (Stealth+, EV+, Speed+++)))
Your lower body shifts to a powerful aquatic tail in water.


Message History

b - 16 stones (gained 2)
The bat barely misses you. The bat closely misses you. x2
You closely miss the bat. The bat hits you but does no damage.
The bat closely misses you.
You hit the bat but do no damage. The bat closely misses you.
The bat barely misses you. The bat hits you.
You hit the bat.
The bat is severely wounded.
The bat hits you. The bat closely misses you. The bat barely misses you.
The bat closely misses you.
You barely miss the bat.
The bat is severely wounded.
The bat hits you but does no damage. The bat misses you.
The bat closely misses you.
You hit the bat.
The bat is moderately wounded.
The bat barely misses you. The bat hits you but does no damage.
You completely miss the bat.
The bat is severely wounded.
The bat hits you.
* * * LOW HITPOINT WARNING * * *
The bat hits you.
* * * LOW HITPOINT WARNING * * *
The bat hits you but does no damage.
You barely miss the bat.
The bat is moderately wounded.
The bat closely misses you. x2; The bat barely misses you.
You barely miss the bat.
The bat is moderately wounded.
The bat hits you but does no damage. The bat closely misses you.
You hit the bat.
The bat is severely wounded.
The bat closely misses you. The bat hits you but does no damage.
The bat closely misses you.
You hit the bat.
You kill the bat!
The bat barely misses you. The bat hits you.
* * * LOW HITPOINT WARNING * * *
The bat hits you.
You die...

#..#.#.........#
#....#8≈≈≈≈≈≈≈8# #
###....###########
##.#
....#########.....
.....
###...........#####
...#
###.............#....#
#...#.#.#..##.#....#
##.........#b......+
#..#.#.#..#@.#...^#
#.........#..#.####
#..#.#.#..#.†.=#
#..............#
#######.###....# ..
+....# ... #....#
#....# ###...


You could see a bat.

Vanquished Creatures
  A bat (D:1)
1 creature vanquished.

Vanquished Creatures (collateral kills)
  A dart slug (D:1)
  A bat (D:1)
2 creatures vanquished.

Grand Total: 3 creatures vanquished

Notes
Turn   | Place    | Note
-------+----------+-------------------------------------------
     0 | D:1      | maeasthma the Merfolk Summoner began the quest for the Orb.
     0 | D:1      | Reached XP level 1. HP: 13/13 MP: 3/3
    82 | D:1      | Slain by a bat

Illustrated notes

Levels and vault maps discovered:
D:1:      lightli_arrival_noodles, layout_basic, serial_glass, glass_columns_b,
          glass_columns_b, st_stairs_10

Action                   || total
-------------------------++-------
Melee: Unarmed           ||    24
Throw: Stone             ||     5
 Cast: Summon Small Mamm ||     2
 Stab: Sleeping          ||     1
Armor: Robe              ||     9
Dodge: Dodged            ||    49
